 Dungeon Crawl Stone Soup version 0.15-a0-1579-gd26fec2 (webtiles) character file.

332 Bloax the Changer (level 6, -16/43 HPs)
             Began as a Merfolk Transmuter on June 19, 2014.
             Killed by an exploding giant spore (34 damage)
             ... on Level 6 of the Dungeon.
             The game lasted 00:07:49 (1310 turns).

Bloax the Changer (Merfolk Transmuter)              Turns: 1310, Time: 00:07:49

HP -16/43        AC  4     Str 16      XL: 6   Next: 52%
MP  11/11        EV 12     Int 12      God:
Gold 153         SH  0     Dex 16      Spells:  3 memorised,  2 levels left

rFire  . . .     SeeInvis .       - Unarmed
rCold  . . .     Clarity  .     h - +1 leather armour
rNeg   . . .     rCorr    .     (no shield)
rPois  .         rRot     .     (no helmet)
rElec  .         Spirit   .     (no cloak)
SustAb .         Warding  .     (no gloves)
rMut   .         Stasis   .     (no boots)
Gourm  .                        (no amulet)
MR     .....                    (no ring)
                                (no ring)

@: confused, mighty, not resistant to hostile enchantments, very unstealthy
A: change form in water, swift swim
a: no special abilities


You were on level 6 of the Dungeon.
You were not hungry.

You visited 1 branch of the dungeon, and saw 6 of its levels.

You collected 153 gold pieces.


   Skills:
 - Level 1.1 Fighting
 - Level 2.6 Dodging
 - Level 3.2 Unarmed Combat
 - Level 2.7 Spellcasting
 + Level 6.8 Transmutations
 + Level 3.7 Ice Magic


You had 2 spell levels left.
You knew the following spells:

 Your Spells              Type           Power        Failure   Level  Hunger
a - Beastly Appendage     Trmt           ###...       1%          1    #......
b - Ice Form              Ice/Trmt       ##........   34%         4    #####..
c - Spider Form           Trmt/Pois      #.........   21%         3    ####...


Dungeon Overview and Level Annotations

Branches:
Dungeon (6/15)
 Temple: D:4-7

Altars:
The Shining One

Shops:
D:6 }

Inventory:

Missiles
 b - 38 arrows
Armour
 h - a +1 leather armour (worn)
   (You found it on level 5 of the Dungeon)
Magical devices
 f - a wand of slowing (8)
   (You took it off Ijyb on level 2 of the Dungeon)
Comestibles
 a - 2 bread rations
 c - a meat ration
Scrolls
 e - 2 scrolls of random uselessness {unknown}
 i - a scroll of remove curse {unknown}
 k - a scroll of magic mapping {unknown}
 l - a scroll of fog {unknown}
 m - 3 scrolls of identify
Potions
 g - a potion of restore abilities
 j - a potion of curing
 n - a potion of agility {unknown}
 o - a potion of might
Books
 d - a book of Changes

   Spells                             Type                      Level
   *Beastly Appendage                 Transmutation                1
   Sticks to Snakes                   Transmutation                2
   *Spider Form                       Transmutation/Poison         3
   *Ice Form                          Ice/Transmutation            4
   Blade Hands                        Transmutation                5

.... ...... ..#.#
###.#.. .....#
....# #+#..#
+\'..########
#@.....<..#
#....?.#.####...#
##...P.#.#
.......
#....P##.#
...#### #......
... #.## #.....
#.. /# #...# ####
## ...


There were no monsters in sight!


Message History

You turn into a venomous arachnid creature.
You hit the ogre.
The ogre is severely wounded.
The ogre completely misses you.
You hit the ogre.
The ogre looks even sicker.
The ogre is almost dead.
The ogre completely misses you.
You kill the ogre!
Found 2 scrolls of identify.
Found a scroll labeled XASTRA SUCOU.
Your transformation is almost over.
m - 3 scrolls of identify (gained 2)
e - 2 scrolls labeled XASTRA SUCOU (gained 1)
Your transformation has ended.
You hear the brisk rusting of a drain, a long way away.
An adder comes into view.
You hit the adder.
The adder is lightly wounded.
The adder closely misses you.
You hit the adder.
The adder is almost dead.
The adder barely misses you. x2
You closely miss the adder.
The adder is almost dead.
The adder bites you but does no damage.
You closely miss the adder.
The adder is almost dead.
The adder closely misses you.
You closely miss the adder.
The adder is almost dead.
The adder bites you.
* * * LOW HITPOINT WARNING * * *
You are poisoned.
The adder poisons you!
You miss the adder.
The adder is almost dead.
You feel sick. The adder completely misses you. The adder barely misses you.
You miss the adder.
The adder is almost dead.
The adder misses you.
You hit the adder.
You kill the adder!
Casting: Spider Form
Okay, then.
You feel sick.
You feel sick.
You feel sick.
You feel sick.
You are no longer poisoned.
Found a white potion.
Found a stone staircase leading down.
You hear the brisk rusting of a drain, a long way away.
o - 2 white potions (gained 1)
There is a stone staircase leading down here.
You climb downwards.
Found two items.
There is a stone staircase leading up here.
A giant spore comes into view.
The giant spore moves out of view.
You open the door.
A ballistomycete grows in the wake of the spore.
Found Qiriejit's Gadget Shop.
Drink which item? (? for menu, Esc to quit)
You feel very mighty all of a sudden.
It was a potion of might.
The giant spore explodes!
A fungus suddenly grows.
The explosion of spores engulfs you!
You are confused.
Ouch! That really hurt!
You die...

Action                   |  1- 3 |  4- 6 || total
-------------------------+-------+-------++-------
Melee: Unarmed           |    84 |   123 ||   207
 Cast: Beastly Appendage |    10 |     2 ||    12
       Spider Form       |       |    13 ||    13
Evoke: Wand              |       |     2 ||     2
  Use: Scroll            |     3 |     2 ||     5
       Potion            |     1 |     3 ||     4
 Stab: Sleeping          |       |     2 ||     2

Vault maps used:
D:1:      roderic_crossed_star, tso_metal_star
D:2:      uniq_iyjb
D:4:      serial_shops, nicolae_shop_overgrown_old_shop, first_bread
D:5:      portal_sewer_entry_b
D:6:      black_bear_nest_1, lemuel_temple_firewalk, serial_shops,
          kennysheep_mini_moat, basic_altar, xom_confusion_cloud

Notes
Turn   | Place    | Note
--------------------------------------------------------------
     0 | D:1      | Bloax, the Merfolk Transmuter, began the quest for the Orb.
     0 | D:1      | Reached XP level 1. HP: 15/15 MP: 3/3
    81 | D:2      | Reached skill level 3 in Transmutations
    98 | D:1      | Reached XP level 2. HP: 15/21 MP: 2/4
   231 | D:2      | Noticed Ijyb
   248 | D:1      | Found a glowing golden altar of the Shining One.
   376 | D:2      | Killed Ijyb
   376 | D:2      | Reached skill level 4 in Transmutations
   376 | D:2      | Reached XP level 3. HP: 7/26 MP: 6/6
   450 | D:2      | Reached XP level 4. HP: 9/32 MP: 8/8
   451 | D:2      | HP: 8/32 [poisoned by an adder]
   511 | D:2      | Learned a level 4 spell: Ice Form
   515 | D:2      | Learned a level 3 spell: Spider Form
   644 | D:3      | Reached skill level 1 in Ice Magic
   676 | D:3      | Reached skill level 5 in Transmutations
   753 | D:4      | HP: 6/32 [hobgoblin/club (4)]
   762 | D:4      | HP: 6/32 [hobgoblin skeleton (1)]
   831 | D:4      | Reached XP level 5. HP: 13/37 MP: 3/9
   834 | D:4      | HP: 7/37 [gnoll skeleton (6)]
   838 | D:4      | HP: 3/37 [gnoll skeleton (4)]
   871 | D:5      | Entered Level 5 of the Dungeon
   895 | D:5      | HP: 7/37 [hobgoblin skeleton (3)]
  1024 | D:5      | Reached skill level 2 in Ice Magic
  1073 | D:5      | HP: 9/37 [poisoned by an adder]
  1078 | D:5      | HP: 6/37 [poisoned by an adder]
  1079 | D:5      | Reached skill level 6 in Transmutations
  1084 | D:5      | HP: 5/37 [poisoned by an adder]
  1158 | D:5      | Reached skill level 3 in Ice Magic
  1158 | D:5      | Reached XP level 6. HP: 16/43 MP: 7/11
  1187 | D:5      | Noticed an ogre
  1191 | D:5      | HP: 7/43 [ogre/giant spiked club (12)]
  1214 | D:5      | Killed an ogre
  1309 | D:6      | Found Qiriejit's Gadget Shop.
  1310 | D:6      | Killed by an exploding giant spore

Vanquished Creatures
  An ogre (D:5)
  2 hounds (D:5)
  2 worker ants
  Ijyb (D:2)
  4 adders
  A gnoll skeleton (D:4)
  2 giant mites
  2 worms
  4 giant geckos
  An ooze (D:1)
  An orc (D:5)
  A bat skeleton (D:5)
  2 giant cockroaches
  3 goblins
  4 hobgoblins
  4 jackals (D:2)
  5 bats
  2 hobgoblin skeletons
  4 kobolds
  7 rats
53 creatures vanquished.

Vanquished Creatures (others)
  An adder (D:6)
1 creature vanquished.

Grand Total: 54 creatures vanquished
